 Dungeon Crawl Stone Soup version 0.29-a0-330-g52719c12eb (webtiles) character file.

Game seed: 453072814035281518

42 HoaS the Bolt Thrower (level 3, -2/15 (21) HPs)
             Began as a Kobold Hunter on May 18, 2022.
             Slain by Terence
             ... wielding the +7 Throatcutter {drain, coup de grace}
              (3 damage)
             ... on level 2 of the Dungeon.
             The game lasted 00:02:33 (1670 turns).

HoaS the Bolt Thrower (Kobold Hunter)               Turns: 1670, Time: 00:02:34

HP:   -2/15 (21)    AC:  6    Str: 14    XL:     3   Next: 77%
MP:   3/3           EV: 15    Int: 10    God:
Gold: 139           SH:  0    Dex: 20    Spells: 2/2 levels left

rFire   . . .      SeeInvis .   a - +1 hand crossbow
rCold   . . .      Faith    .   (no shield)
rNeg    . . .      Spirit   .   b - +0 leather armour
rPois   .          Reflect  .   e - +1 helmet
rElec   .          Harm     .   (no cloak)
rCorr   .          Rampage  .   d - +0 pair of gloves
Will    .....                   (no boots)
Stlth   +++.......              (no amulet)
HPRegen 0.05/turn               h - +6 ring of strength
MPRegen 0.08/turn               (no ring)

@: hasted, very heavily drained, very quick
A: small, no large weapons, nightstalker 3
a: no special abilities


You were on level 2 of the Dungeon.
You visited 1 branch of the dungeon, and saw 2 of its levels.

You collected 139 gold pieces.

Inventory:

Hand Weapons
 a - a +1 hand crossbow (weapon)
Armour
 b - a +0 leather armour (worn)
 d - a +0 pair of gloves (worn)
 e - a +1 helmet (worn)
Jewellery
 h - a +6 ring of strength (left hand)
Scrolls
 c - a scroll of immolation
 j - a scroll of teleportation
 l - a scroll of identify
Potions
 f - a potion of flight
 g - 2 potions of curing
 i - a potion of haste
 k - a potion of heal wounds


   Skills:
 - Level 2.1 Fighting
 + Level 6.9 Crossbows
 - Level 2.4 Dodging
 - Level 1.3 Stealth


You had 2 spell levels left.
You didn't know any spells.
Your spell library was empty.

Dungeon Overview and Level Annotations

Branches:
Dungeon (2/15)

Altars:

Annotations:
D:2 Terence


Innate Abilities, Weirdness & Mutations

You are small and have problems with some larger weapons.
You are completely attuned to the shadows.


Message History

You shoot a bolt. The bolt hits Terence.
Terence is moderately wounded.
You shoot a bolt.
The bolt hits Terence but does no damage.
Terence is moderately wounded.
Terence completely misses you.
You shoot a bolt. The bolt hits Terence.
Terence is severely wounded.
Terence misses you.
You shoot a bolt. The bolt hits Terence.
Terence is severely wounded.
You shoot a bolt.
The bolt hits Terence but does no damage.
Terence is severely wounded.
Terence says, "Did you write a will?
You should..."
Terence hits you with the +7 Throatcutter {drain, coup de grace}.
You feel drained.
You shoot a bolt.
The bolt hits Terence but does no damage.
Terence is severely wounded.
Terence misses you.
You shoot a bolt. The bolt hits Terence.
Terence is almost dead.
Terence hits you with the +7 Throatcutter {drain, coup de grace}!
Ouch! That really hurt!
* * * LOW HITPOINT WARNING * * *
You feel drained.
* * * LOW HITPOINT WARNING * * *
You feel much better.
You shoot a bolt. The bolt barely misses Terence.
Terence hits you with the +7 Throatcutter {drain, coup de grace}.
You feel drained.
You shoot a bolt.
The bolt hits Terence but does no damage.
Terence is almost dead.
Terence hits you with the +7 Throatcutter {drain, coup de grace}!
Ouch! That really hurt!
* * * LOW HITPOINT WARNING * * *
You feel drained.
You die...

#####.####..#...##
#..........# #
#.#####.#.#.####.######...#
# #.##....#........# #####
## #.##.#######.##### .#
#.##....#....# '#
#.###.#.#.#..# .# #.#
#.#.#.#..# 8# #.#
#.#...#..# P# #.#
#.#####.@# .##
#.###.#####.@#
..###...........[#
._.#############.# #.P#P'.#
..# ##.#.#.# .#...#.#
.#8###.# .#.....#


You could see Terence.

Vanquished Creatures
  An adder (D:2)
  A dart slug (D:1)
  4 ball pythons
  A bat (D:2)
  5 endoplasms
  A giant cockroach (D:1)
  A goblin (D:1)
  3 hobgoblins (D:2)
  2 kobolds
  A quokka (D:2)
  2 frilled lizards (D:1)
  5 rats
27 creatures vanquished.

Notes
Turn   | Place    | Note
-------+----------+-------------------------------------------
     0 | D:1      | HoaS the Kobold Hunter began the quest for the Orb.
     0 | D:1      | Reached XP level 1. HP: 12/12 MP: 1/1
   330 | D:1      | Reached XP level 2. HP: 14/17 MP: 2/2
   406 | D:1      | Reached skill level 6 in Crossbows
  1160 | D:2      | Reached XP level 3. HP: 21/21 MP: 3/3
  1332 | D:2      | Found a faded altar of an unknown god.
  1653 | D:2      | Noticed Terence
  1670 | D:2      | Slain by Terence

Illustrated notes

Levels and vault maps discovered:
D:1:      dpeg_arrival_court, layout_basic
D:2:      minmay_wonky_spiral, layout_loops_ring,
          shapermc_ecumenical_altar_ellora, uniq_terence

Skill      XL: |  1  2 |
---------------+-------+-----
Crossbows      | 6 |  6.9
Fighting       | |  2.1
Dodging        | |  2.4
Stealth        | |  1.3

Action                   || total
-------------------------++-------
 Fire: Hand crossbow     ||    65
  Use: Scroll            ||     6
       Potion            ||     2
Armor: Leather armour    ||     4
Dodge: Dodged            ||    14

Table legend: (Time is in decaauts)
 A = Elapsed time spent in this place.
 B = Non-inter-level travel time spent in this place.
 C = Inter-level travel time spent in this place.
 D = Time resting spent in this place.
 E = Time spent auto-exploring this place.
 F = Levels seen in this place.
 G = Mean time per level.
                   A        B        C        D        E       F      G
               +--------+--------+--------+--------+--------+-----+--------+
         Total |   1677 |   1666 |     11 |      0 |   1510 |   2 |  838.5 |
       Dungeon |   1677 |   1666 |     11 |      0 |   1510 |   2 |  838.5 |
               +--------+--------+--------+--------+--------+-----+--------+

Top non-repeatable levels by time:
     D:1: 961 daAuts
     D:2: 716 daAuts
